[Event "December 12 Early 2023"]
[Site "https://www.chess.com"]
[Date "2023.12.12"]
[Round "3"]
[White "Martinez Alcantara, Jose Eduardo"]
[Black "Krysa, Leandro"]
[Result "1-0"]
[Board "12"]
[TimeControl "180+1"]
[WhiteFideId "3805662"]
[BlackFideId "116807"]
[WhiteElo "3018"]
[BlackElo "2744"]
[WhiteTeam "PER"]
[BlackTeam "ARG"]
[WhiteClock "0:00:15"]
[BlackClock "0:00:02"]

1. e4 e5 2. Nf3 Nc6 3. Nc3 Nf6 4. h3 d5 5. Bb5 Nxe4 6. O-O Nxc3 7. dxc3 f6 8. Nxe5 fxe5 9. Qh5+ Kd7 10. Qxe5 Qf6 11. Qxd5+ Bd6 12. c4 a6 13. Ba4 Rf8 14. c5 Qe5 15. Qxe5 Bxe5 16. Re1 Bf6 17. Bf4 Kd8 18. Rad1+ Bd7 19. Bg3 Kc8 20. c3 Re8 21. Bb3 Rxe1+ 22. Rxe1 b6 23. cxb6 cxb6 24. Rd1 Ra7 25. Bf4 Na5 26. Bg8 h6 27. Be3 Kc7 28. Bd5 Nc6 29. Bf4+ Kc8 30. Be3 Kc7 31. a3 Ra8 32. Bf4+ Kc8 33. b4 Bd8 34. c4 Bc7 35. Be3 Kb7 36. b5 axb5 37. cxb5 Rxa3 38. Rc1 Kc8 39. bxc6 Bf5 40. g4 Bg6 41. Be6+ Kb8 42. Rd1 Be8 43. Bd7 Bf7 44. Bf5 Rb3 45. Rd7 Bc4 46. Rxg7 Bd5 47. Rd7 Bxc6 48. Rd1 Ra3 49. Rc1 Kb7 50. h4 Be5 51. h5 Ra1 52. Rxa1 Bxa1 53. Bxh6 b5 54. Bd2 b4 55. Bxb4 Bf6 56. Bd2 Kc7 57. g5 Be5 58. h6 Kd8 59. g6 Ke7 60. Bg5+ Kf8 61. g7+ Kg8 62. Be6+ 1-0

[Event "December 12 Early 2023"]
[Site "https://www.chess.com"]
[Date "2023.12.12"]
[Round "3"]
[White "Krzyzanowski, Marcin"]
[Black "Vokhidov, Shamsiddin"]
[Result "0-1"]
[Board "13"]
[TimeControl "180+1"]
[WhiteFideId "1132199"]
[BlackFideId "14204223"]
[WhiteElo "2740"]
[BlackElo "3013"]
[WhiteTeam "POL"]
[BlackTeam "UZB"]
[WhiteClock "0:00:00"]
[BlackClock "0:00:50"]

1. e4 c5 2. Nf3 d6 3. d4 cxd4 4. Nxd4 Nf6 5. Nc3 Nc6 6. Bg5 Bd7 7. Qd2 a6 8. O-O-O e6 9. Kb1 Nxd4 10. Qxd4 Be7 11. f3 Qc7 12. g4 b5 13. h4 O-O 14. Be3 Rfc8 15. g5 Ne8 16. Qd2 b4 17. Ne2 a5 18. h5 a4 19. Nc1 b3 20. cxb3 axb3 21. Nxb3 Qb7 22. g6 Ba4 23. gxf7+ Kxf7 24. Qd3 Nf6 25. Bh3 Bb5 26. Bxe6+ Kf8 27. Qd2 Qa6 28. a3 Rcb8 29. h6 g6 30. Bd4 Ba4 31. Qg5 Rb5 32. Qf4 g5 33. Qe3 Rab8 34. Rd3 Qb7 35. Rc1 Bxb3 36. Bxb3 Rxb3 37. Rxb3 Qxb3 38. Qxg5 Qd3+ 39. Ka1 Qxd4 40. Rc2 Qd1+ 41. Rc1 Qd4 42. Qg7+ Ke8 43. Qh8+ Bf8 44. Rc3 Qg1+ 45. Ka2 Qg8+ 46. Qxg8 Nxg8 47. a4 Ra8 48. b3 Nxh6 49. Rc7 Nf7 50. Rb7 h5 0-1

[Event "December 12 Early 2023"]
[Site "https://www.chess.com"]
[Date "2023.12.12"]
[Round "3"]
[White "Drygalov, Sergey"]
[Black "Atakhan, Abtin"]
[Result "1-0"]
[Board "14"]
[TimeControl "180+1"]
[WhiteFideId "24171743"]
[BlackFideId "22502203"]
[WhiteElo "3011"]
[BlackElo "2738"]
[WhiteTeam "RUS"]
[BlackTeam "IRI"]
[WhiteClock "0:02:49"]
[BlackClock "0:01:19"]

1. d4 Nf6 2. c4 e6 3. Nf3 d5 4. Nc3 Be7 5. Bf4 O-O 6. a3 c5 7. dxc5 dxc4 8. Qc2 Bxc5 9. e3 a6 10. Bxc4 b5 11. Bd3 Qe7 12. Ne4 Nxe4 13. Bxe4 1-0

[Event "December 12 Early 2023"]
[Site "https://www.chess.com"]
[Date "2023.12.12"]
[Round "3"]
[White "Mindlin, Alon"]
[Black "Bortnyk, Olexandr"]
[Result "0-1"]
[Board "15"]
[TimeControl "180+1"]
[WhiteFideId "2800071"]
[BlackFideId "14120828"]
[WhiteElo "2735"]
[BlackElo "3007"]
[WhiteTeam "ISR"]
[BlackTeam "UKR"]
[WhiteClock "0:00:16"]
[BlackClock "0:00:11"]

1. d4 d6 2. e4 Nf6 3. f3 g6 4. c4 Bg7 5. Nc3 a6 6. Be3 O-O 7. Qd2 c5 8. Nge2 b5 9. dxc5 dxc5 10. Qxd8 Rxd8 11. Nf4 b4 12. Na4 Nc6 13. Bxc5 Bb7 14. Nb6 Rab8 15. Be2 Nd7 16. Nxd7 Rxd7 17. Rb1 Nd4 18. Bd1 a5 19. O-O Rc7 20. Bb6 Rxc4 21. Bxa5 Ra8 22. Bb6 Rxa2 23. Nd5 Bxd5 24. exd5 b3 25. Re1 Kf8 26. Bd8 Bf6 27. d6 Ra7 28. Re4 Rb4 29. Bxb3 Rxb3 30. Bxe7+ Rxe7 31. dxe7+ Ke8 32. Ra1 Ne6 33. Ra7 Bd4+ 34. Rxd4 Nxd4 35. Kf2 Rxb2+ 36. Kg3 Nf5+ 37. Kf4 Rxg2 38. Ke4 Re2+ 39. Kf4 Rxh2 40. Ke5 Re2+ 41. Kf6 Re6+ 42. Kg5 h6+ 43. Kf4 Rxe7 44. Ra8+ Kd7 0-1

[Event "December 12 Early 2023"]
[Site "https://www.chess.com"]
[Date "2023.12.12"]
[Round "3"]
[White "Matinian, Nikita"]
[Black "Terry, Renato"]
[Result "1-0"]
[Board "16"]
[TimeControl "180+1"]
[WhiteFideId "24129100"]
[BlackFideId "3803457"]
[WhiteElo "2725"]
[BlackElo "2985"]
[WhiteTeam "FID"]
[BlackTeam "PER"]
[WhiteClock "0:00:04"]
[BlackClock "0:00:05"]

1. e4 e6 2. d4 d5 3. Nc3 Nf6 4. Bg5 Bb4 5. e5 h6 6. Bc1 Ne4 7. Qg4 g6 8. Ne2 c5 9. a3 Bxc3+ 10. bxc3 cxd4 11. cxd4 Qa5+ 12. c3 Bd7 13. f3 Bb5 14. fxe4 Bxe2 15. Qg3 Bxf1 16. Rxf1 dxe4 17. Bd2 Nc6 18. Qf4 Rh7 19. Qxe4 O-O-O 20. Rf3 Qa4 21. Kf2 Na5 22. Rb1 Qc6 23. Qxc6+ Nxc6 24. Ke3 Rd7 25. Rbf1 Kd8 26. Ke4 Ke8 27. Rh3 h5 28. g4 b5 29. gxh5 gxh5 30. Rg1 Ne7 31. Rb1 a6 32. a4 bxa4 33. Rb6 Ra7 34. c4 Rg7 35. Rxh5 Rg4+ 36. Kd3 Ng6 37. Rb8+ Kd7 38. Rh7 Kc6 39. Ba5 Rf4 40. Rb6+ Kd7 41. Rd6+ Ke8 42. Rg7 Kf8 43. Rh7 Kg8 44. Rh3 Ra8 45. Rg3 a3 46. Bc3 a2 47. d5 Kh7 48. dxe6 fxe6 49. Rd7+ Kh6 50. Rh3+ Kg5 51. Rg7 Rd8+ 52. Ke3 Rg4 53. Rf3 Kh5 54. Rh3+ Kg5 55. Rf3 Rg8 56. Rxg8 Kh5 57. Rg7 Kh6 58. Rg8 Rxc4 59. Bb2 Rc2 60. Rh3+ Kg5 61. Bd4 Rc4 62. Rg3+ Kh5 63. R8xg6 Rxd4 64. R6g5+ Kh6 65. Rg8 Kh7 66. R8g7+ Kh6 67. Rg8 Kh7 68. R8g5 Kh6 69. Kxd4 a1=Q+ 70. Kc5 Qc1+ 71. Kd6 Qxg5 72. Rxg5 Kxg5 73. Kxe6 a5 74. Kd5 a4 75. e6 a3 76. e7 a2 77. e8=Q a1=Q 78. Qe5+ Kh4 79. Qxa1 Kg4 80. Qg7+ Kh3 81. Ke4 Kh4 82. Kf4 Kh5 83. Qh7# 1-0

[Event "December 12 Early 2023"]
[Site "https://www.chess.com"]
[Date "2023.12.12"]
[Round "3"]
[White "Daneshvar, Bardiya"]
[Black "Arslanov, Shamil"]
[Result "1-0"]
[Board "17"]
[TimeControl "180+1"]
[WhiteFideId "12576468"]
[BlackFideId "4192826"]
[WhiteElo "2982"]
[BlackElo "2722"]
[WhiteTeam "IRI"]
[BlackTeam "RUS"]
[WhiteClock "0:01:56"]
[BlackClock "0:00:00"]

1. b3 e5 2. Bb2 d6 3. g3 f5 4. Bg2 Nf6 5. c4 Be7 6. Nc3 O-O 7. e3 Nc6 8. Nge2 e4 9. d4 Nb4 10. Nc1 Qe8 11. a3 Nc6 12. b4 Qg6 13. N1e2 Qh6 14. Nf4 Bd8 15. h4 Ng4 16. Bh3 Nf6 17. Rc1 a5 18. b5 Ne7 19. a4 Ng6 20. Nce2 Nxf4 21. Nxf4 Ng4 22. Bxg4 fxg4 23. c5 g5 24. Qb3+ Rf7 25. Ng2 Qf6 26. Rc2 Qf3 27. Rh2 gxh4 28. Nxh4 Bxh4 29. Rxh4 Qg2 30. Qc4 c6 31. cxd6 cxb5 32. axb5 Bd7 33. d5 Qf3 34. Qd4 Qf6 35. Qxf6 1-0

[Event "December 12 Early 2023"]
[Site "https://www.chess.com"]
[Date "2023.12.12"]
[Round "3"]
[White "Novozhilov, Semen"]
[Black "Ivic, Velimir"]
[Result "1-0"]
[Board "18"]
[TimeControl "180+1"]
[WhiteFideId "24289167"]
[BlackFideId "950122"]
[WhiteElo "2722"]
[BlackElo "2968"]
[WhiteTeam "RUS"]
[BlackTeam "SRB"]
[WhiteClock "0:00:09"]
[BlackClock "0:00:08"]

1. d4 Nf6 2. Nf3 g6 3. Nc3 d5 4. Bf4 Bg7 5. Nb5 Na6 6. e3 O-O 7. Be2 Nh5 8. h4 c5 9. Be5 Nf6 10. dxc5 Bg4 11. Qd4 Bxf3 12. gxf3 Nb8 13. Bg3 Ne4 14. Qb4 Nc6 15. Qa3 Nxg3 16. fxg3 a6 17. Nc3 e6 18. O-O-O b5 19. cxb6 Qxb6 20. Na4 Qa5 21. Nc5 Qxa3 22. bxa3 Rfc8 23. Nxa6 Ne5 24. Bb5 Rc3 25. a4 Rxe3 26. f4 Nc4 27. Rd3 Re2 28. Rhd1 Rc8 29. Nb4 Nb2 30. R3d2 Re3 31. Rf1 Bc3 32. Rdf2 Nc4 33. Nd3 Rxg3 34. Rf3 Rg2 35. Ne1 Rh2 36. Rxc3 Kg7 37. Bxc4 dxc4 38. Nf3 Rg2 39. Ne5 f6 40. Rxc4 Rd8 41. Rc7+ Kg8 42. Nd7 Ra8 43. Nxf6+ Kf8 44. Nxh7+ Ke8 45. Nf6+ Kd8 46. Rd7+ Kc8 47. Rfd1 Rxa4 48. Rd8+ Kb7 49. R1d7+ Kc6 50. Rc8+ Kb6 51. Rd6+ Kb7 52. Rc3 Rxa2 53. Kb1 Ra4 54. Rxe6 Rxf4 55. Nd5 Rf7 56. Rb6+ Ka8 57. Ra3+ Ra7 58. Nc7# 1-0

[Event "December 12 Early 2023"]
[Site "https://www.chess.com"]
[Date "2023.12.12"]
[Round "3"]
[White "Sourath Biswas"]
[Black "Zhigalko, Sergei"]
[Result "0-1"]
[Board "19"]
[TimeControl "180+1"]
[WhiteFideId "35091484"]
[BlackFideId "13502956"]
[WhiteElo "2714"]
[BlackElo "2957"]
[WhiteTeam "IND"]
[BlackTeam "BLR"]
[WhiteClock "0:00:00"]
[BlackClock "0:00:18"]

1. d4 Nf6 2. Nf3 e6 3. Bf4 b6 4. e3 Bb7 5. h3 Bd6 6. Bxd6 cxd6 7. Nbd2 O-O 8. a4 Nc6 9. c3 d5 10. Bd3 d6 11. Qe2 e5 12. dxe5 dxe5 13. Ba6 Qc8 14. Bxb7 Qxb7 15. O-O Rad8 16. e4 d4 17. Nc4 Qa6 18. b4 d3 19. Qa2 b5 20. Ncxe5 Nxe5 21. Nxe5 Nxe4 22. c4 Qd6 23. Nf3 Qxb4 24. axb5 Nc3 25. Qxa7 d2 26. Nxd2 Rxd2 27. b6 Rb2 28. Kh1 Qxb6 29. Qe7 Rxf2 30. Rxf2 Qxf2 0-1

[Event "December 12 Early 2023"]
[Site "https://www.chess.com"]
[Date "2023.12.12"]
[Round "3"]
[White "Bok, Benjamin"]
[Black "Rosen, Eric"]
[Result "1-0"]
[Board "20"]
[TimeControl "180+1"]
[WhiteFideId "1017063"]
[BlackFideId "2032562"]
[WhiteElo "2951"]
[BlackElo "2708"]
[WhiteTeam "NED"]
[BlackTeam "USA"]
[WhiteClock "0:00:07"]
[BlackClock "0:00:00"]

1. Nf3 d5 2. d4 Nf6 3. c4 e6 4. Nc3 Nbd7 5. cxd5 exd5 6. Bg5 c6 7. e3 h6 8. Bh4 g5 9. Bg3 Nh5 10. Bd3 Nxg3 11. hxg3 Bg7 12. Qc2 Nb6 13. O-O-O Be6 14. Bf5 Qe7 15. Bxe6 Qxe6 16. Nd2 O-O-O 17. Nb3 Nc4 18. Nc5 Qe7 19. b3 Nd6 20. g4 Kb8 21. Kb1 Rhf8 22. Ne2 f5 23. gxf5 Nxf5 24. g4 Nd6 25. Ng3 Rf7 26. Nf5 Nxf5 27. gxf5 Qf6 28. Ne6 Re8 29. f3 Bf8 30. e4 a5 31. Rde1 Bb4 32. Re2 Ka7 33. e5 Qe7 34. Rxh6 Rg8 35. Rg2 Rh7 36. f6 Qxe6 37. Rxh7 g4 38. f4 g3 39. f5 Qc8 40. f7 Rg4 41. e6 Rxd4 42. Rxg3 Qb8 43. Rg8 Qf4 44. f8=Q Qf1+ 45. Kb2 Bxf8 46. Rxf8 Qe1 47. Qc5+ 1-0

[Event "December 12 Early 2023"]
[Site "https://www.chess.com"]
[Date "2023.12.12"]
[Round "3"]
[White "Sychev, Klementy"]
[Black "Yaran, Siar"]
[Result "1-0"]
[Board "21"]
[TimeControl "180+1"]
[WhiteFideId "4114060"]
[BlackFideId "6323006"]
[WhiteElo "2944"]
[BlackElo "2704"]
[WhiteTeam "FID"]
[BlackTeam "TUR"]
[WhiteClock "0:00:08"]
[BlackClock "0:00:02"]

1. e4 e5 2. Nf3 Nc6 3. Bb5 a6 4. Ba4 Nf6 5. Nc3 b5 6. Bb3 Be7 7. d3 d6 8. a3 O-O 9. O-O h6 10. h3 Be6 11. Nd5 Re8 12. Bd2 Bf8 13. a4 Rb8 14. axb5 axb5 15. Re1 Bxd5 16. exd5 Ne7 17. c4 g6 18. Bc2 Nf5 19. b3 Bg7 20. Ra7 Re7 21. g4 Nd4 22. Nxd4 exd4 23. Ba5 Rd7 24. b4 Qc8 25. Qf3 c5 26. Rxd7 Qxd7 27. bxc5 dxc5 28. Qf4 Rb7 29. d6 bxc4 30. dxc4 Rb2 31. Re7 Qc6 32. d7 Rxc2 33. d8=Q+ Kh7 34. Rxf7 Ra2 35. Rxg7+ Kxg7 36. Qdc7+ Qxc7 37. Qxc7+ Kg8 38. Qc8+ Kf7 39. Qc7+ Ke6 40. Qxc5 d3 41. Bc3 Rc2 42. Qe5+ Kd7 43. Qxf6 1-0

[Event "December 12 Early 2023"]
[Site "https://www.chess.com"]
[Date "2023.12.12"]
[Round "3"]
[White "Manelyuk, Daniil"]
[Black "Chigaev, Maksim"]
[Result "1-0"]
[Board "22"]
[TimeControl "180+1"]
[WhiteFideId "44173920"]
[BlackFideId "4108116"]
[WhiteElo "2695"]
[BlackElo "2941"]
[WhiteTeam "RUS"]
[BlackTeam "ESP"]
[WhiteClock "0:01:11"]
[BlackClock "0:00:01"]

1. e4 c5 2. Nf3 e6 3. c4 Nc6 4. Nc3 Nf6 5. Be2 e5 6. O-O d6 7. a3 Be7 8. Rb1 O-O 9. d3 Kh8 10. b4 b6 11. bxc5 dxc5 12. Nd5 Nd7 13. a4 a5 14. Ne1 Bd6 15. Nc2 Nb4 16. Nce3 Nb8 17. Bg4 N8c6 18. Bxc8 Rxc8 19. Nf5 Bb8 20. Qg4 g6 21. Bh6 Rg8 22. Nfe7 Nxe7 23. Bg5 Nbxd5 24. cxd5 Rf8 25. Bf6+ Kg8 26. Qg5 Qd6 27. Bxe7 f6 28. Bxd6 fxg5 29. Bxf8 Kxf8 30. Rxb6 Ke7 31. Rfb1 Bd6 32. Rb7+ Kf6 33. R1b6 1-0

[Event "December 12 Early 2023"]
[Site "https://www.chess.com"]
[Date "2023.12.12"]
[Round "3"]
[White "Chinguun, Sumiya"]
[Black "Kovalenko, Igor"]
[Result "0-1"]
[Board "23"]
[TimeControl "180+1"]
[WhiteFideId "4902572"]
[BlackFideId "14117908"]
[WhiteElo "2691"]
[BlackElo "2927"]
[WhiteTeam "MGL"]
[BlackTeam "UKR"]
[WhiteClock "0:01:51"]
[BlackClock "0:02:27"]

1. e4 d5 2. exd5 Qxd5 3. Nf3 Bg4 4. d4 Nc6 5. c3 O-O-O 6. Be2 Nf6 7. h3 Bh5 8. O-O e6 9. Bf4 Bd6 10. Bxd6 Qxd6 11. Nbd2 Qe7 12. b4 Nd5 13. Qb3 Nf4 14. Bd1 e5 15. Nxe5 Nxe5 16. Bxh5 Qg5 17. g4 Nxh3+ 18. Kh2 Nf4 19. dxe5 Qh4+ 20. Kg1 Qh3 0-1

[Event "December 12 Early 2023"]
[Site "https://www.chess.com"]
[Date "2023.12.12"]
[Round "3"]
[White "Rasulov, Vugar"]
[Black "Poormosavi, Seyed Kian"]
[Result "0-1"]
[Board "24"]
[TimeControl "180+1"]
[WhiteFideId "13402390"]
[BlackFideId "12585807"]
[WhiteElo "2915"]
[BlackElo "2685"]
[WhiteTeam "AZE"]
[BlackTeam "IRI"]
[WhiteClock "0:00:07"]
[BlackClock "0:00:40"]

1. e4 c6 2. Ne2 d5 3. e5 c5 4. d4 cxd4 5. Nxd4 Nc6 6. Bb5 Bd7 7. O-O e6 8. Nxc6 Bxc6 9. Bxc6+ bxc6 10. c4 Ne7 11. Bg5 h6 12. Bxe7 Bxe7 13. Qa4 O-O 14. Nd2 Qb6 15. b3 Rfd8 16. Nf3 d4 17. Rad1 d3 18. g3 a5 19. Kg2 Rd7 20. c5 Bxc5 21. Qc4 Rad8 22. h4 d2 23. h5 Qb5 24. Qxb5 cxb5 25. Rh1 Rd3 26. Rh4 R8d5 27. Re4 Ba3 28. g4 Bb4 29. Re2 Rc5 30. a3 Rc1 31. Rexd2 Bxd2 32. Rxd2 Rxd2 33. Nxd2 Ra1 34. b4 Rxa3 35. bxa5 Rxa5 36. Nb3 Ra3 37. Nd4 b4 0-1

[Event "December 12 Early 2023"]
[Site "https://www.chess.com"]
[Date "2023.12.12"]
[Round "3"]
[White "Volkov, Maksim"]
[Black "Zakhartsov, Vladimir"]
[Result "0-1"]
[Board "25"]
[TimeControl "180+1"]
[WhiteFideId "54123070"]
[BlackFideId "4145097"]
[WhiteElo "2682"]
[BlackElo "2912"]
[WhiteTeam "RUS"]
[BlackTeam "RUS"]
[WhiteClock "0:00:36"]
[BlackClock "0:01:33"]

1. d4 Nf6 2. c4 e6 3. g3 d5 4. Bg2 Bb4+ 5. Bd2 Be7 6. Nf3 O-O 7. O-O c6 8. Qc2 a5 9. Bf4 Nbd7 10. Nbd2 Nh5 11. Be3 h6 12. Rfe1 a4 13. a3 Qa5 14. Nf1 Nhf6 15. Bd2 Qa6 16. Ne3 Ne4 17. Bb4 Bxb4 18. axb4 Nd6 19. b5 cxb5 20. cxd5 Nb6 21. Qc7 Nxd5 22. Nxd5 exd5 23. Ne5 Be6 24. Nd3 Rac8 25. Qe7 Nf5 26. Qa3 Nxd4 27. Nb4 Qd6 28. e3 Rc4 29. exd4 Qxb4 30. Qa2 Rxd4 31. h4 Rd2 32. Rab1 Rc8 0-1

[Event "December 12 Early 2023"]
[Site "https://www.chess.com"]
[Date "2023.12.12"]
[Round "3"]
[White "Kovalev, Vladislav"]
[Black "Nagare Kaivalya Sandip"]
[Result "1-0"]
[Board "26"]
[TimeControl "180+1"]
[WhiteFideId "13504398"]
[BlackFideId "25957929"]
[WhiteElo "2909"]
[BlackElo "2680"]
[WhiteTeam "FID"]
[BlackTeam "IND"]
[WhiteClock "0:01:07"]
[BlackClock "0:01:10"]

1. e4 e5 2. Nf3 Nc6 3. Bb5 a6 4. Ba4 Nf6 5. O-O b5 6. Bb3 Be7 7. d3 O-O 8. Nc3 d6 9. a3 Bg4 10. Be3 Nd4 11. Bxd4 exd4 12. Nd5 c6 13. Nxf6+ Bxf6 14. h3 Bh5 15. g4 Bg6 16. Nd2 Kh8 17. f4 h6 18. a4 Bh7 19. Qf3 c5 20. Bd5 Rb8 21. axb5 axb5 22. Ra7 Bg8 23. g5 hxg5 24. Qh5+ Bh7 25. Bxf7 Rxf7 26. Qxf7 gxf4 27. Rxf4 Be5 28. Nf3 Bf6 29. Ng5 Qg8 30. Qxg8+ Kxg8 31. Rxf6 gxf6 32. Nxh7 1-0

[Event "December 12 Early 2023"]
[Site "https://www.chess.com"]
[Date "2023.12.12"]
[Round "3"]
[White "Zavgorodniy, Sergiy"]
[Black "Harsha Bharathakoti"]
[Result "1/2-1/2"]
[Board "27"]
[TimeControl "180+1"]
[WhiteFideId "14110148"]
[BlackFideId "5078776"]
[WhiteElo "2677"]
[BlackElo "2908"]
[WhiteTeam "UKR"]
[BlackTeam "IND"]
[WhiteClock "0:00:06"]
[BlackClock "0:00:04"]

1. e4 Nc6 2. Nf3 d6 3. Bb5 Bg4 4. d4 a6 5. Bxc6+ bxc6 6. Nc3 Nf6 7. h3 Bh5 8. Bg5 h6 9. Bxf6 gxf6 10. Qe2 e6 11. O-O-O Be7 12. g4 Bg6 13. Nh4 Qd7 14. f4 Bh7 15. f5 a5 16. Rhe1 Rb8 17. Ng2 Qc8 18. Nf4 e5 19. Nh5 Qb7 20. b3 Qb4 21. Qd3 Qa3+ 22. Kb1 Rb4 23. Qa6 Kd7 24. d5 Rb6 25. dxc6+ Rxc6 26. Qb5 Qc5 27. Qxc5 Rxc5 28. Nd5 c6 29. Ndxf6+ Bxf6 30. Nxf6+ Ke7 31. Nh5 f6 32. Rd2 Bg8 33. Red1 d5 34. c4 Bf7 35. cxd5 cxd5 36. exd5 Bxh5 37. d6+ Kd7 38. gxh5 Rg8 39. Rc2 Rxc2 40. Kxc2 Rg5 41. a3 Rxf5 42. Kc3 e4 43. Kc4 Re5 44. b4 axb4 45. axb4 e3 46. Kd4 Kxd6 47. Re1 Rxh5 48. Rxe3 Rh4+ 49. Re4 Rxh3 50. Rf4 Ke6 51. b5 Rb3 52. Kc5 f5 53. b6 Rc3+ 54. Kb5 Ke5 55. Rh4 Rc8 56. Rxh6 f4 57. b7 Rb8 58. Kb6 f3 59. Rh7 Ke4 60. Rf7 Ke3 61. Rxf3+ Kxf3 62. Kc7 Rxb7+ 63. Kxb7 1/2-1/2

[Event "December 12 Early 2023"]
[Site "https://www.chess.com"]
[Date "2023.12.12"]
[Round "3"]
[White "Makhnev, Denis"]
[Black "Ashraf, Artin"]
[Result "1-0"]
[Board "28"]
[TimeControl "180+1"]
[WhiteFideId "13707647"]
[BlackFideId "22514805"]
[WhiteElo "2675"]
[BlackElo "2905"]
[WhiteTeam "KAZ"]
[BlackTeam "IRI"]
[WhiteClock "0:00:43"]
[BlackClock "0:00:00"]

1. Nf3 Nf6 2. c4 e6 3. g3 d5 4. Bg2 Be7 5. O-O O-O 6. d4 dxc4 7. Ne5 Nc6 8. Bxc6 bxc6 9. Nxc6 Qe8 10. Nxe7+ Qxe7 11. Qc2 e5 12. Rd1 Ba6 13. Nc3 h6 14. Qa4 exd4 15. Rxd4 Qe6 16. Bf4 Bb7 17. f3 Ba6 18. Rad1 Rab8 19. R4d2 Rb7 20. e4 Rfb8 21. Rd8+ Kh7 22. Rxb8 Rxb8 23. Rd2 Rb7 24. Kg2 Nh5 25. Be3 Nf6 26. Qa5 Qc6 27. Qf5+ g6 28. Qe5 Rb8 29. Bd4 Nh5 30. Nd5 Qb5 31. Nf6+ Nxf6 32. Qxf6 1-0

[Event "December 12 Early 2023"]
[Site "https://www.chess.com"]
[Date "2023.12.12"]
[Round "3"]
[White "Mitrabha, Guha"]
[Black "Timerkhanov, Alexander"]
[Result "1-0"]
[Board "29"]
[TimeControl "180+1"]
[WhiteFideId "5057000"]
[BlackFideId "24177938"]
[WhiteElo "2902"]
[BlackElo "2675"]
[WhiteTeam "IND"]
[BlackTeam "RUS"]
[WhiteClock "0:00:17"]
[BlackClock "0:00:03"]

1. Nf3 d5 2. d4 Nf6 3. Bf4 c5 4. e3 Nc6 5. Nbd2 Nh5 6. Be5 e6 7. c3 f6 8. Bg3 g6 9. Bb5 Bd7 10. O-O Nxg3 11. hxg3 cxd4 12. exd4 Bd6 13. Re1 Kf7 14. Bd3 Kg7 15. Nf1 Re8 16. Ne3 Rc8 17. Qd2 Ne7 18. Ng4 Nf5 19. Bxf5 exf5 20. Qh6+ Kg8 21. Ne3 Be6 22. Re2 Bf7 23. Rae1 Qc7 24. Qh4 Be7 25. Qh6 Qd7 26. a3 b5 27. Nh2 a5 28. g4 Bf8 29. Qf4 Bd6 30. Qf3 Bxh2+ 31. Kxh2 Qd6+ 32. g3 fxg4 33. Nxg4 Kg7 34. Kg2 Rxe2 35. Rxe2 Re8 36. Rxe8 Bxe8 37. Qe3 Bd7 38. Qh6+ Kg8 39. Ne3 Be6 40. Qh1 b4 41. axb4 axb4 42. Qa1 bxc3 43. bxc3 Qc6 44. Qa5 h5 45. Kg1 Kg7 46. Ng2 g5 47. Ne3 Kg6 48. Qb4 h4 49. gxh4 gxh4 50. Qb1+ Kg7 51. Qb4 h3 52. Qe7+ Kg6 53. f4 Bf7 54. f5+ Kg7 55. Ng4 Qa6 56. Kh2 Qa2+ 57. Kxh3 Qa6 58. Qe3 Qf1+ 59. Kg3 Qa1 60. Qh6+ 1-0

[Event "December 12 Early 2023"]
[Site "https://www.chess.com"]
[Date "2023.12.12"]
[Round "3"]
[White "Riehle, Marco"]
[Black "BestStelker"]
[Result "1/2-1/2"]
[Board "30"]
[TimeControl "180+1"]
[WhiteFideId "12904392"]
[WhiteElo "2897"]
[BlackElo "2668"]
[WhiteTeam "GER"]
[WhiteClock "0:00:23"]
[BlackClock "0:00:15"]

1. e4 e6 2. c4 d5 3. cxd5 exd5 4. Qb3 Nf6 5. e5 Ne4 6. Nc3 Nxc3 7. bxc3 Be7 8. d4 c5 9. Nf3 O-O 10. Be2 Nc6 11. O-O Qb6 12. Be3 Qxb3 13. axb3 cxd4 14. cxd4 Bf5 15. Nd2 f6 16. f4 fxe5 17. fxe5 a6 18. Bf3 Be6 19. Rfc1 Rfc8 20. g3 Nb4 21. Nf1 Rc6 22. Rxc6 bxc6 23. Ra4 Rf8 24. Bg2 Bf5 25. h4 Bd3 26. Bf2 Bb5 27. Ra1 Nd3 28. Be3 h5 29. Nd2 Bb4 30. Nf3 Be7 31. Ne1 Nxe1 32. Rxe1 Rb8 33. Rc1 Kf7 34. Rc2 g6 35. Rf2+ Kg7 36. Rc2 Rb6 37. Kh2 Bd3 38. Rc3 Bf5 39. Bg5 Bxg5 40. hxg5 Kf7 41. Kg1 Ke6 42. Kf2 Bb1 43. Bf3 Bf5 44. Ke3 Bb1 45. Bd1 Bf5 46. Rc1 Be4 47. Ra1 Kf5 48. Ra2 Kxg5 49. Rf2 Rb7 50. Rf6 Rc7 51. b4 Rb7 52. Rxc6 Rxb4 53. e6 Kf6 54. Rxa6 Rb1 55. Ba4 Bf5 56. Bd7 Re1+ 57. Kf2 Re4 58. Ra4 Bxe6 59. Bc6 Kf5 60. Bb5 g5 61. Bd3 h4 62. gxh4 gxh4 63. Ra8 Kf4 64. Rf8+ Bf5 65. Bxe4 Kxe4 66. Rh8 h3 67. Rh4+ Kd3 68. Kg3 Be4 69. Rxh3 Kxd4 70. Kf2 Kc4 71. Ke3 Kc3 72. Rh8 Bd3 73. Rc8+ Bc4 74. Rd8 Kb3 75. Kd4 Kb4 76. Rb8+ Ka3 77. Kc3 Ka2 78. Rb2+ Ka3 79. Rb7 Ka4 80. Rb8 Ka5 81. Kd4 Ka4 82. Rb7 Ka5 83. Kc5 Ka4 84. Rb8 Ka3 85. Kd4 Ka4 86. Rb1 Ka3 87. Kc3 Ka4 88. Rb8 Ka5 89. Kb2 Ka6 90. Ka3 Ka7 91. Rd8 Kb6 92. Kb4 Kc6 93. Rh8 Kd6 94. Kc3 Kc5 95. Rh5 Kd6 96. Kd4 Kc6 97. Rh6+ Kb5 98. Rd6 Kb4 99. Rb6+ Ka5 100. Kc5 Ka4 101. Rb4+ Ka3 102. Rxc4 dxc4 103. Kxc4 1/2-1/2

[Event "December 12 Early 2023"]
[Site "https://www.chess.com"]
[Date "2023.12.12"]
[Round "3"]
[White "Demchenko, Anton"]
[Black "Goltsev, Dmitry"]
[Result "1-0"]
[Board "31"]
[TimeControl "180+1"]
[WhiteFideId "4160258"]
[BlackFideId "24176710"]
[WhiteElo "2889"]
[BlackElo "2666"]
[WhiteTeam "SLO"]
[BlackTeam "RUS"]
[WhiteClock "0:01:28"]
[BlackClock "0:00:04"]

1. e4 e6 2. d4 d5 3. Nd2 c5 4. Ngf3 Nf6 5. e5 Ne4 6. c3 cxd4 7. cxd4 Nc6 8. Bd3 Nxd2 9. Bxd2 Be7 10. O-O a6 11. g3 g5 12. Be3 h6 13. a3 b5 14. Nd2 Qb6 15. Rc1 Bb7 16. Nb3 Na5 17. Nxa5 Qxa5 18. Qh5 b4 19. f4 bxa3 20. bxa3 Qxa3 21. Rcd1 Kd7 22. f5 Rhf8 23. Qe2 Rac8 24. Ra1 Qc3 25. Rfc1 Qb4 26. Rcb1 Rc3 27. Rxb4 Bxb4 28. Bd2 a5 29. Bb5+ Kc8 30. Bxc3 Bxc3 31. Rc1 1-0

[Event "December 12 Early 2023"]
[Site "https://www.chess.com"]
[Date "2023.12.12"]
[Round "3"]
[White "Steinberg, Nitzan"]
[Black "Lamaze, Simon"]
[Result "1-0"]
[Board "32"]
[TimeControl "180+1"]
[WhiteFideId "2801795"]
[BlackFideId "36069264"]
[WhiteElo "2885"]
[BlackElo "2625"]
[WhiteTeam "ISR"]
[BlackTeam "FRA"]
[WhiteClock "0:00:08"]
[BlackClock "0:01:25"]

1. Nf3 d5 2. g3 Nc6 3. c4 Bf5 4. cxd5 Qxd5 5. Nc3 Qd7 6. Bg2 e6 7. O-O Nf6 8. d4 h6 9. a3 Bd6 10. b4 O-O 11. Bb2 Rfe8 12. Rc1 e5 13. d5 Ne7 14. Nd2 a5 15. b5 e4 16. Ndxe4 Be5 17. Nxf6+ Bxf6 18. e4 Bh3 19. a4 Ng6 20. Re1 c6 21. dxc6 bxc6 22. bxc6 Qc8 23. Qe2 Rb8 24. c7 Rb4 25. Ba1 Bxg2 26. Kxg2 Bxc3 27. Rxc3 Rxa4 28. Rc4 Rxc4 29. Qxc4 Qg4 30. Qc3 Nh4+ 31. Kh1 Nf3 32. Rc1 Qf4 33. Qxg7# 1-0

[Event "December 12 Early 2023"]
[Site "https://www.chess.com"]
[Date "2023.12.12"]
[Round "3"]
[White "Skatchkov, Valery"]
[Black "Shankland, Sam"]
[Result "0-1"]
[Board "33"]
[TimeControl "180+1"]
[WhiteFideId "24195812"]
[BlackFideId "2004887"]
[WhiteElo "2623"]
[BlackElo "2885"]
[WhiteTeam "RUS"]
[BlackTeam "USA"]
[WhiteClock "0:00:11"]
[BlackClock "0:01:06"]

1. d4 d5 2. c4 c6 3. Nf3 Nf6 4. Nc3 e6 5. g3 dxc4 6. Bg2 Nbd7 7. O-O b5 8. e4 Bb7 9. e5 Nd5 10. Ng5 h6 11. Nxe6 fxe6 12. Qh5+ Ke7 13. Ne4 Qe8 14. Bg5+ hxg5 15. Qxh8 Kd8 16. Nxg5 Qe7 17. Qh5 N7b6 18. Qg6 Bc8 19. f4 Kc7 20. Bh3 Na4 21. Rf2 Kb6 22. Bxe6 Bxe6 23. Nxe6 Qe8 24. Nxf8 Qxf8 25. b3 cxb3 26. axb3 Nac3 27. f5 Qb4 28. Rd2 Ne2+ 29. Rxe2 Qxd4+ 30. Kg2 Qxa1 31. Qxg7 Qd1 32. Re4 Qc2+ 0-1